 Dungeon Crawl Stone Soup version 0.15-a0-429-gf5d7e11 (webtiles) character file.

5527 4tharraofdagon the Arsonist (level 10, -2/63 HPs)
             Began as a Human Fire Elementalist on May 6, 2014.
             Was a Priest of Vehumet.
             Killed by divine providence
             ... invoked by an orc priest
              (11 damage)
             ... on Level 10 of the Dungeon.
             The game lasted 00:28:28 (3453 turns).

4tharraofdagon the Arsonist (HuFE)                  Turns: 3453, Time: 00:28:30

HP  -2/63        AC  5     Str  9      XL: 10   Next: 93%
MP   4/25        EV 11     Int 18      God: Vehumet [***...]
Gold 275         SH  0     Dex 14      Spells:  6 memorised,  9 levels left

rFire  + . .     SeeInvis .     i - +2 bardiche
rCold  + . .     Clarity  .     h - +2 leather armour {MR+}
rNeg   . . .     Conserve .     (no shield)
rPois  .         rCorr    .     (no helmet)
rElec  .         rRot     .     j - -1 cloak
SustAb . .       Spirit   .     (no gloves)
rMut   .         Warding  .     (no boots)
Saprov . . .     Stasis   .     (no amulet)
MR     .....                    A - ring of protection from cold
                                t - ring of protection from fire

@: not resistant to hostile enchantments, unstealthy
A: no striking features
a: Renounce Religion


You were on level 10 of the Dungeon.
You worshipped Vehumet.
Vehumet was most pleased with you.
You were very hungry.

You visited 1 branch of the dungeon, and saw 12 of its levels.

You collected 275 gold pieces.

Inventory:

Hand weapons
 i - a +2,+2 bardiche (weapon)
 y - the cursed +2,-2 flail "Frur" {flame, rPois}
   (You found it on level 9 of the Dungeon)

   It emits flame when wielded, causing extra injury to most foes and up to
   double damage against particularly susceptible opponents.
   It protects you from poison.
   It has a curse placed upon it.
Armour
 a - a +0 robe
 h - a +2 leather armour of magic resistance (worn)
 j - a -1 cloak (worn)
Magical devices
 e - a wand of frost (0)
 D - a wand of random effects (10)
Comestibles
 c - 7 bread rations
 g - 5 chunks of yak flesh
 v - 2 meat rations
 z - a choko
Scrolls
 k - a scroll of enchant weapon I {unknown}
 l - a scroll of teleportation {unknown}
 m - a scroll of random uselessness {unknown}
 p - a scroll of remove curse
 q - a scroll of recharging
 u - a scroll of identify
Jewellery
 t - a ring of protection from fire (left hand)
 A - a ring of protection from cold (right hand)
Potions
 d - a potion of brilliance
 f - a potion of resistance
 s - a potion of porridge
Books
 b - a book of Flames

   Spells                             Type                      Level
   *Flame Tongue                      Conjuration/Fire             1
   Throw Flame                        Conjuration/Fire             2
   *Conjure Flame                     Conjuration/Fire             3
   Inner Flame                        Hexes/Fire                   3
   *Sticky Flame                      Conjuration/Fire             4
   *Fireball                          Conjuration/Fire             5
 w - a book of Cantrips

   Spells                             Type                      Level
   Confusing Touch                    Hexes                        1
   *Animate Skeleton                  Necromancy                   1
   Summon Small Mammal                Summoning                    1
   *Apportation                       Translocation                1
Rods
 B - a +2 rod of ignition (13/13)
   (You found it on level 9 of the Dungeon)


   Skills:
 - Level 2.0 Dodging
 - Level 2.0 Stealth
 * Level 7.8 Spellcasting
 + Level 8.8 Conjurations
 + Level 9.4 Fire Magic
 - Level 4.0 Evocations


You had 9 spell levels left.
You knew the following spells:

 Your Spells              Type           Power        Failure   Level  Hunger
a - Flame Tongue          Conj/Fire      #####        1%          1    None
b - Conjure Flame         Conj/Fire      #####...     1%          3    #......
c - Sticky Flame          Conj/Fire      #####...     1%          4    ###....
d - Fireball              Conj/Fire      #####.....   2%          5    #####..
e - Apportation           Tloc           #.........   12%         1    None
f - Animate Skeleton      Necr           N/A          12%         1    None


Dungeon Overview and Level Annotations

Branches:
Dungeon (12/15)
 Temple: D:4-7          Orc: D:9-12        Lair: D:8-11

Altars:
Fedhas
Vehumet

Shops:
D:5 ((

Annotations:
D:7 exclusion: centaur


Message History

It is a scroll of recharging.
Charge which item? (? for menu, Esc to quit)
Your +2 rod of ignition (13/13) glows for a moment.
The warg bites you!
* * * LOW HITPOINT WARNING * * *
The warg barely misses you.
Unknown command.
Drink which item? (? for menu, Esc to quit)
You feel better.
The orc priest's eyes start to glow.
The warg closely misses you.
Unknown command.
Read which item? (? for menu, Esc to quit)
As you read the scroll labeled NUOTOE DUDANEB, it crumbles to dust.
The warg's magical effects unravel!
Magic dampens, then quickly surges around you.
It was a scroll of vulnerability.
The orc priest invokes the aid of Beogh against you.
Something smites you!
You die...

,,,,,**,..%o...,**,* *,,,,,,*
*,****###.....##**,* *,,,,,, *,*
#...%......,,* *,,,,,,*
*,****#..[........*******,,,,,,*
* **,,+..o........+,,,,,+,,,,,,*
,**,,+..).)......+,,,,,+, ,,,,*
*,,,,,#...........#,*****,,,,,,*
,,,,,,***#h)#**#+#*,* ********
**###+####..# #@#*,*
,......#....# #h#*,*
*****♣.'...#####o##.#
♣.'...o%..o....#
♣.#.#...%......#**
♣♣♣♣♣♣.#.#######......#
.......#.# ##..##.# #+##'###.#
***..#*,#******** #.*#.# #.#
*,,....,,,,,,, ,*


You could see a warg and 2 orc priests.

Vanquished Creatures
  An unseen horror (D:11)
  2 hill giants
  A cyclops (D:10)
  A gargoyle (D:10)
  A yak (D:11)
  Eustachio (D:6)
  2 wargs (D:10)
  2 black bears
  2 sky beasts (D:10)
  2 ice beasts
  An orc warrior (D:8)
  5 ogres
  A manticore skeleton (D:12)
  2 centaurs
  3 giant frogs
  A scorpion (D:8)
  2 wights (D:7)
  A hippogriff skeleton (D:11)
  3 orc priests
  2 goliath beetles
  A centaur zombie (D:8)
  A giant frog skeleton (D:7)
  A giant frog zombie (D:11)
  A quasit (D:9)
  2 hounds
  3 jellies
  2 iguanas (D:12)
  9 orc wizards
  4 worker ants
  An ogre zombie (D:7)
  6 adders
  3 shadow imps
  An ufetubus (D:7)
  A worm (D:4)
  3 giant geckos
  2 oozes (D:1)
  27 orcs
  10 bats
  A bat skeleton (D:7)
  A bat zombie (D:7)
  3 giant cockroaches
  3 hobgoblins
  2 jackals (D:1)
  A quokka (D:8)
  2 giant newts (D:1)
  A giant spore (D:12)
  4 goblins
  3 kobolds
  An orc skeleton (D:6)
  An orc zombie (D:8)
  7 rats
  A ballistomycete (D:12)
145 creatures vanquished.

Notes
Turn   | Place    | Note
--------------------------------------------------------------
     0 | D:1      | 4tharraofdagon, the Human Fire Elementalist, began the quest for the Orb.
     0 | D:1      | Reached XP level 1. HP: 13/13 MP: 3/3
   198 | D:1      | Reached XP level 2. HP: 19/19 MP: 0/4
   464 | D:2      | Reached XP level 3. HP: 6/24 MP: 0/6
   469 | D:2      | Learned a level 3 spell: Conjure Flame
   613 | D:3      | Reached XP level 4. HP: 21/30 MP: 6/8
   848 | D:4      | Reached skill level 4 in Fire Magic
   848 | D:4      | Reached XP level 5. HP: 32/35 MP: 3/9
   862 | D:5      | Entered Level 5 of the Dungeon
   877 | D:5      | Learned a level 4 spell: Sticky Flame
   879 | D:5      | Found a radiant altar of Vehumet.
   884 | D:5      | Became a worshipper of Vehumet
   897 | D:5      | Found Hinto's Antique Weapon Boutique.
   929 | D:5      | Noticed an ogre
   948 | D:5      | Killed an ogre
   948 | D:5      | Reached XP level 6. HP: 41/41 MP: 0/11
  1001 | D:5      | Noticed an ogre
  1036 | D:5      | Killed an ogre
  1106 | D:5      | Reached skill level 5 in Fire Magic
  1138 | D:5      | Found Ycoacwowk's Antique Weapon Emporium.
  1210 | D:6      | Found a blossoming altar of Fedhas.
  1281 | D:7      | Reached XP level 7. HP: 33/46 MP: 6/14
  1285 | D:7      | Noticed an ice beast
  1293 | D:7      | Killed an ice beast
  1419 | D:7      | Noticed Eustachio
  1422 | D:7      | Noticed a black bear
  1444 | D:6      | Killed Eustachio
  1444 | D:6      | Reached skill level 5 in Conjurations
  1575 | D:7      | Reached skill level 6 in Fire Magic
  1575 | D:7      | Reached XP level 8. HP: 52/52 MP: 14/17
  1720 | D:7      | Killed a black bear
  1783 | D:8      | Learned a level 5 spell: Fireball
  1891 | D:8      | Acquired Vehumet's first power
  1891 | D:8      | Offered knowledge of Sandblast by Vehumet.
  1893 | D:8      | #1
  1984 | D:8      | Reached skill level 7 in Fire Magic
  2121 | D:8      | Reached XP level 9. HP: 52/57 MP: 5/20
  2298 | D:9      | Reached skill level 5 in Spellcasting
  2316 | D:8      | Offered knowledge of Sting by Vehumet.
  2316 | D:8      | Reached skill level 8 in Fire Magic
  2526 | D:9      | Got a twisted flail
  2529 | D:9      | Learned a level 1 spell: Apportation
  2531 | D:9      | Learned a level 1 spell: Animate Skeleton
  2564 | D:9      | Identified the cursed +2,-2 flail "Frur" {flame, rPois} (You found it on level 9 of the Dungeon)
  2624 | D:9      | Identified a +0 rod of ignition (11/11) (You found it on level 9 of the Dungeon)
  2639 | D:10     | Entered Level 10 of the Dungeon
  2662 | D:10     | Noticed a cyclops
  2686 | D:10     | Killed a cyclops
  2686 | D:10     | Reached skill level 1 in Evocations
  2753 | D:10     | Offered knowledge of Mephitic Cloud by Vehumet.
  2756 | D:10     | #2
  2767 | D:10     | Noticed a hill giant
  2802 | D:10     | Killed a hill giant
  2802 | D:10     | Reached XP level 10. HP: 63/63 MP: 22/24
  2917 | D:12     | Noticed a hill giant
  2928 | D:12     | Killed a hill giant
  2928 | D:12     | Reached skill level 9 in Fire Magic
  3024 | D:11     | Noticed a four-headed hydra
  3048 | D:11     | Noticed an unseen horror
  3055 | D:11     | Killed an unseen horror
  3055 | D:11     | Acquired Vehumet's second power
  3220 | D:12     | Got a bone flail
  3224 | D:12     | Identified the +8,+6 flail of Mastery {distort, Str+4} (You found it on level 12 of the Dungeon)
  3275 | D:12     | Noticed a centaur warrior
  3428 | D:10     | Noticed a gargoyle
  3437 | D:10     | Killed a gargoyle
  3450 | D:10     | :(
  3451 | D:10     | HP: 2/63 [warg (10)]
  3453 | D:10     | Killed from afar by an orc priest

Action                   |  1- 3 |  4- 6 |  7- 9 | 10-12 || total
-------------------------+-------+-------+-------+-------++-------
Melee: Unarmed           |    23 |       |       |       ||    23
       Long sword        |    12 |       |       |       ||    12
       War axe           |       |    16 |     1 |       ||    17
       Bardiche          |       |       |    72 |    12 ||    84
Throw: Dart              |    20 |       |       |       ||    20
 Cast: Flame Tongue      |    34 |    41 |    87 |    33 ||   195
       Conjure Flame     |       |     4 |    11 |     6 ||    21
       Sticky Flame      |       |       |    26 |     9 ||    35
       Fireball          |       |       |     1 |     6 ||     7
Evoke: Wand              |     1 |     9 |       |     1 ||    11
  Use: Potion            |     3 |       |     4 |     2 ||     9
       Scroll            |       |       |     4 |     4 ||     8
 Stab: Sleeping          |     1 |       |     1 |       ||     2

Vault maps used:
D:1:      ncdulo_lavacross, minmay_misc_feat_nine_boxes
D:3:      kennysheep_flooded_box, hangedman_decor_points
D:4:      minmay_temple_entry_butterflies, led_sif_pool
D:5:      lemuel_upstairs_altar, serial_shops, nicolae_shop_behind_doors,
          kennysheep_mini_moat, shop_fountains, first_bread, basic_altar,
          minmay_misc_feat_room, uniq_menkaure
D:6:      fedhas_altar_4, uniq_iyjb
D:7:      serial_shops, shop, uniq_eustachio
D:9:      hangedman_tree_tricks, hangedman_decor_peaks_small,
          basic_loot_grate_trap, grunt_dithmenos_shadows
D:10:     boulder_indie, erik_lair_orcish_takeover
D:11:     minmay_curly_fans
